 Dungeon Crawl Stone Soup version 0.23.2-40-g277498a001 (webtiles) character file.

Game seed: 4410280798061456855

315 MrTry the Shield-Bearer (level 6, -1/38 HPs)
             Began as a Gargoyle Fighter on Aug 22, 2019.
             Killed from afar by an orc wizard (13 damage)
             ... with a puff of flame
             ... on level 4 of the Dungeon.
             The game lasted 00:14:09 (2790 turns).

MrTry the Shield-Bearer (Gargoyle Fighter)          Turns: 2790, Time: 00:14:09

Health: -1/38      AC: 11    Str: 22    XL:     6   Next: 44%
Magic:  6/6        EV:  8    Int:  8    God:
Gold:   177        SH:  9    Dex:  9    Spells: 5/5 levels left

rFire    . . .     SeeInvis .   q - +1 falchion
rCold    . . .     Gourm    .   h - +0 shield
rNeg     + . .     Faith    .   b - +0 scale mail
rPois    ∞         Spirit   .   (no helmet)
rElec    +         Reflect  .   (no cloak)
rCorr    .         Harm     .   (no gloves)
MR       .....     Clarity  +   (no boots)
Stlth    ..........             (no amulet)
HPRegen  0.12/turn              (no ring)
MPRegen  0.10/turn              (no ring)

@: no status effects
A: blink, clarity, negative energy resistance 1, sense surroundings 1,
electricity resistance, unbreathing, petrification resistance, rot immunity, AC
+4
a: Blink


You were on level 4 of the Dungeon.
You were not hungry.

You visited 1 branch of the dungeon, and saw 4 of its levels.

You collected 177 gold pieces.

Inventory:

Hand Weapons
 a - a +0 long sword
 q - a +1 falchion (weapon)
Missiles
 e - 11 poisoned needles
 j - 2 poisoned tomahawks (quivered)
 r - 5 curare-tipped needles
Armour
 b - a +0 scale mail (worn)
 h - a +0 shield (worn)
 k - a +0 helmet
Jewellery
 g - a cursed ring of attention {unknown}
Scrolls
 i - a scroll of amnesia
 l - 2 scrolls of remove curse
 m - a scroll of blinking
Potions
 c - a potion of curing {unknown}
 d - 3 potions of might
 n - a potion of flight {unknown}
 p - a potion of ambrosia {unknown}
Comestibles
 f - 2 rations
 o - 3 chunks of flesh


   Skills:
 + Level 4.0 Fighting
 + Level 3.4 Long Blades
 + Level 4.5 Armour
 + Level 1.2 Dodging
 + Level 0.9 Stealth
 + Level 4.8 Shields


You had 5 spell levels left.
You didn't know any spells.
Your spell library was empty.

Dungeon Overview and Level Annotations

Branches:
Dungeon (4/15)
 Temple: D:4-7

Altars:
The Shining One


Innate Abilities, Weirdness & Mutations

You are resistant to torment.
Your stone body is resilient. (AC +4)
You are immune to poison.
You resist negative energy. (rN+)
You are resistant to electric shocks. (rElec)
You can survive without breathing.
You are immune to petrification.
You are immune to rotting.
You can translocate small distances at will.
You possess an exceptional clarity of mind.
You passively map a small area around you.


Message History

A puff of flame appears from out of thin air!
The puff of flame hits you. You block the orc's attack.
Something hits you but does no damage. x2
Your shield and scale mail prevent you from hitting something.
The orc barely misses you.
Something hits you but does no damage. x2
You hit something but do no damage.
The orc hits you with a cursed +0 trident.
You hear some strange, mumbled words.
A puff of flame appears from out of thin air!
The puff of flame hits you. Something hits you but does no damage.
You hit something. Something hits you but does no damage.
The orc barely misses you.
You hear some strange, mumbled words.
A magic dart appears from out of thin air!
The magic dart hits you. Something hits you but does no damage.
Something hits you but does no damage.
You see here a helmet.
A puff of flame appears from out of thin air!
The puff of flame hits you!
You die...

, ...a. ...# #..., #..# #...
#..## #...###################
##... ,, #....o...#...##..##..(##
#...#* *#...o#...#..............
+...# ####...<#...#..............
##..##........#.[.#.............[
##..##..########@####.###.####..#
....##..##...###.>#######.#####'#
....##..##...#.....#........+....
##...#...#...'.....#........#.<..
##.[.#..##..###..####.#####'###..
.....'..###+###..########...#####
....##..##...#...#....#......#...
....##..##...#...#....#......+...
.....#..##.<###..##..###.##..####


You could see an orc.

Vanquished Creatures
  Eustachio (D:4)
  A worker ant (D:4)
  7 adders
  A worm (D:3)
  3 dart slugs
  3 leopard geckos
  6 orcs
  3 giant cockroaches (D:2)
  8 goblins
  5 hobgoblins (D:2)
  5 jackals
  A quokka (D:2)
  3 ball pythons
  5 bats
  9 frilled lizards
  9 kobolds
  4 rats
74 creatures vanquished.

Notes
Turn   | Place    | Note
-------+----------+-------------------------------------------
     0 | D:1      | MrTry the Gargoyle Fighter began the quest for the Orb.
     0 | D:1      | Reached XP level 1. HP: 14/14 MP: 1/1
    56 | D:1      | Reached XP level 2. HP: 11/19 MP: 2/2
   244 | D:1      | You fall through a shaft!
   627 | D:2      | Reached XP level 3. HP: 23/23 MP: 3/3
   721 | D:2      | Gained mutation: You possess an exceptional clarity of
                  | mind. [potion of mutation]
   721 | D:2      | Gained mutation: You passively map a small area around you.
                  | [potion of mutation]
   721 | D:2      | Gained mutation: You can translocate small distances at
                  | will. [potion of mutation]
  1067 | D:2      | Reached XP level 4. HP: 18/28 MP: 4/4
  1343 | D:2      | Found a glowing golden altar of the Shining One.
  1799 | D:3      | Reached XP level 5. HP: 33/33 MP: 5/5
  2510 | D:4      | Noticed Eustachio
  2567 | D:4      | Killed Eustachio
  2567 | D:4      | Reached skill level 1 in Dodging
  2567 | D:4      | Reached XP level 6. HP: 37/38 MP: 6/6
  2790 | D:4      | Killed from afar by an orc wizard

Skill      XL: |  1  2  3  4  5 |
---------------+----------------+-----
Long Blades    | 2 3 |  3.4
Armour         | 4 |  4.5
Shields        | 4 |  4.8
Fighting       | 4 |  4.0
Dodging        | 1 |  1.2
Stealth        | |  0.9

Action                   |  1- 3 |  4- 6 || total
-------------------------+-------+-------++-------
Melee: Long sword        |   125 |   148 ||   273
       Falchion          |       |    35 ||    35
  Use: Scroll            |     4 |     3 ||     7
       Potion            |     2 |       ||     2
  Eat: Ration            |       |     1 ||     1
       Chunk             |       |     3 ||     3
Armor: Scale mail        |    79 |   166 ||   245
Dodge: Dodged            |    56 |    91 ||   147
Block: Shield            |    73 |   150 ||   223
       Rpst.: Long sword |    20 |    18 ||    38
       Falchion          |       |     1 ||     1
